Map: Altitude LE

Players

A.I. 1 (Elite)

  • Race: Zerg Zerg
  • Spawn Location: 1:00

eteRLem - Winner!

  • Race: Protoss Protoss
  • Spawn Location: 7:00

VOD

Have the link to the VOD?

Description

Time

  • Played on: Aug. 12, 2023, 12:36 p.m.
  • Length: 11:16
Show
View Real Time Build Order
Export as new Build Order

A.I. 1 (Elite) Zerg 

Build Orders: Pool First 

Get SALT Encoding   

  12  0:00  Drone  
  13  0:12  Overlord  
  13  0:17  Drone  
  14  0:30  Drone x2  
  16  0:43  Spawning Pool  
  16  0:45  Drone  
  16  0:49  Drone  
  17  1:18  Extractor  
  16  1:31  Drone, Queen, Zergling x4  
  21  1:41  Drone  
  22  1:53  Overlord  
  22  2:10  Queen  
  22  2:11  Drone  
  22  2:13  Roach Warren  
  22  2:14  Drone  
  25  2:18  Extractor  
  24  2:24  Drone  
  25  2:35  Drone  
  26  2:37  Overlord  
  26  2:38  Drone x2  
  28  2:47  Drone  
  29  2:58  Drone  
  29  3:08  Drone  
  29  3:10  Drone, Roach, Zergling x2  
  34  3:21  Roach  
  36  3:30  Overlord  
  36  3:32  Lair  
  36  3:37  Metabolic Boost  
  36  3:38  Drone  
  36  3:39  Drone  
  38  3:43  Overlord  
  38  3:49  Roach  
  38  3:53  Roach  
  42  4:04  Drone  
  42  4:07  Drone x3  
  46  4:15  Evolution Chamber  
  46  4:16  Drone  
  46  4:23  Evolution Chamber  
  45  4:26  Zergling x2  
  46  4:35  Drone, Zergling x2  
  46  4:36  Drone  
  46  4:38  Hydralisk Den, Drone  
  50  4:43  Zerg Missile Weapons Level 1  
  49  4:49  Zergling x2  
  49  4:50  Zerg Ground Armor Level 1  
  50  4:59  Drone  
  51  5:04  Drone x3  
  54  5:12  Overlord  
  54  5:30  Roach  
  54  5:32  Overlord, Hydralisk  
  54  5:33  Roach  
  54  5:34  Infestation Pit  
  59  5:38  Hatchery  
  58  5:49  Hydralisk  
  60  5:58  Hydralisk  
  60  6:01  Overlord  
  62  6:10  Infestor  
  64  6:12  Roach  
  66  6:20  Evolution Chamber  
  66  6:21  Zergling x2  
  66  6:24  Zergling x2  
  67  6:30  Zergling x4  
  69  6:37  Zerg Melee Weapons Level 1  
  69  6:40  Infestor  
  69  6:41  Overlord  
  69  6:45  Roach  
  73  6:48  Overseer  
  72  6:55  Roach  
  72  6:57  Hatchery  
  72  6:59  Zergling x2  
  74  7:29  Spire  
  73  7:59  Ravager  
  73  8:03  Overlord, Roach  
  76  8:10  Drone x3  
  76  8:11  Drone x5  
  84  8:25  Extractor  
  84  8:26  Hatchery  
  82  8:32  Drone  
  82  8:33  Drone  
  84  8:36  Ravager  
  84  8:39  Roach  
  87  8:41  Mutalisk  
  87  8:43  Overlord  
  87  8:46  Mutalisk  
  91  8:49  Drone  
  91  8:50  Drone  
  91  8:53  Drone  
  94  8:56  Mutalisk  
  94  9:01  Overlord  
  96  9:09  Hydralisk  
  98  9:10  Hydralisk, Zergling x2  
  98  9:12  Zergling x2  
  92  9:19  Roach x2  
  92  9:22  Roach  
  92  9:23  Roach  
  82  9:26  Roach  
  82  9:31  Hydralisk  
  70  9:34  Roach  
  70  9:37  Drone  
  75  9:40  Drone  
  75  9:41  Drone  
  77  9:48  Drone  
  77  9:50  Drone  
  77  9:51  Drone x3  
  82  9:53  Drone  
  82  9:56  Overseer  
  82  9:58  Hydralisk  
  77  10:06  Roach  
  78  10:09  Drone  
  56  10:26  Zergling x2  
  54  10:29  Zergling x2  
  54  10:33  Roach  
  51  10:37  Hydralisk  
  50  10:49  Drone  
Show
View Real Time Build Order
Export as new Build Order

eteRLem Protoss - Winner!

Build Orders: 1 Gate Expand, Chargelot Immortal 

Get SALT Encoding   

  12  0:02  Probe  
  13  0:14  Probe  
  14  0:22  Pylon  
  14  0:26  Probe  
  15  0:40  Probe  
  16  0:43  Gateway  
  16  0:52  Probe  
  17  0:58  Assimilator  
  17  1:18  Nexus  
  17  1:27  Probe  
  18  1:38  Cybernetics Core  
  18  1:39  Probe  
  19  1:44  Assimilator  
  19  1:52  Probe, Pylon  
  20  2:04  Probe  
  21  2:13  Stalker (Chrono Boost)  
  21  2:16  Probe  
  24  2:28  Probe  
  25  2:34  Warp Gate  
  25  2:46  Stalker  
  28  2:56  Probe (Chrono Boost)  
  28  3:02  Probe (Chrono Boost)  
  28  3:03  Gateway  
  30  3:08  Probe (Chrono Boost)  
  31  3:13  Probe (Chrono Boost)  
  31  3:17  Probe (Chrono Boost)  
  31  3:18  Probe (Chrono Boost)  
  33  3:23  Stalker  
  35  3:27  Probe  
  35  3:28  Probe  
  37  3:37  Pylon  
  37  3:40  Probe, Pylon  
  38  3:49  Gateway  
  38  3:53  Stalker  
  40  4:01  Robotics Facility  
  40  4:13  Probe  
  40  4:14  Probe  
  42  4:25  Probe  
  43  4:35  Assimilator  
  43  4:37  Assimilator  
  43  4:38  Probe x2  
  45  4:49  Stalker x3  
  45  4:50  Probe x2  
  53  4:55  Pylon  
  53  4:58  Observer  
  54  5:02  Probe x2  
  56  5:20  Twilight Council  
  56  5:21  Immortal (Chrono Boost)  
  60  5:41  Pylon  
  60  6:12  Immortal  
  64  6:44  Stalker x3  
  66  6:52  Immortal  
  70  6:59  Charge (Chrono Boost)  
  70  7:10  Probe  
  70  7:28  Gateway  
  70  7:29  Gateway  
  70  7:31  Gateway  
  70  7:32  Gateway  
  70  7:34  Gateway  
  70  7:35  Gateway  
  70  7:41  Gateway  
  70  7:42  Templar Archives  
  70  7:43  Immortal  
  74  8:00  Forge  
  74  8:02  Forge  
  74  8:19  Immortal (Chrono Boost)  
  78  8:40  Pylon  
  78  8:43  Pylon  
  78  8:44  Pylon  
  78  8:45  Pylon  
  78  8:48  Pylon  
  78  8:49  Pylon  
  78  8:53  Pylon  
  78  8:54  Pylon  
  78  8:56  Pylon  
  78  8:57  Warp Prism  
  78  9:00  Pylon  
  78  9:01  Zealot x7  
  94  9:11  Nexus  
  72  9:26  Zealot x6  
  72  9:27  Zealot x4  
  84  9:46  Immortal  
  84  10:02  Zealot x2  
  84  10:03  Zealot x8  
  100  10:26  Immortal  
  100  10:27  Stalker x2  
  100  10:28  Stalker x7  
Tags
 
Add a new tag
Caveats
  • Supply blocks, unpowered buildings, or Contaminate may cause inaccurate times.
  • Supply counts are checked every 10 seconds.